 Seeded DCSS version 0.27-a0-789-g6bb3289e1e (webtiles) character file.

Game seed: 2605965801648031611 (custom seed)

857127 rocky1 the Conqueror (level 27, -18/199 HPs)
             Began as a Gargoyle Fighter on Mar 24, 2021.
             Was the Champion of the Shining One.
             Killed from afar by a Hell Sentinel (34 damage)
             ... with damnation
             ... on level 7 of the Iron City of Dis on Mar 27, 2021.
             The game lasted 06:06:23 (82557 turns).

rocky1 the Conqueror (Gargoyle Fighter)            Turns: 82557, Time: 06:06:24

Health: -18/199    AC: 60    Str: 30    XL:     27
Magic:  37/37      EV: 19    Int: 13    God:    the Shining One [******]
Gold:   2065       SH: 20    Dex: 16    Spells: 26/26 levels left

rFire    + + +     SeeInvis .   a - +9 broad axe (holy)
rCold    + + +     Faith    .   v - +1 kite shield {reflect}
rNeg     + + +     Spirit   .   w - +13 plate armour of Duty {Stlth+}
rPois    ∞         Reflect  +   M - -2 hat of the Alchemist {rElec rPois rF+ rC+ rN+ Will+ rMut rCorr}
rElec    +         Harm     .   f - scarf {repulsion}
rCorr    +         Rampage  .   i - +0 pair of gloves of Immorality {rF+ rC+ Int-5}
rMut     +                      y - +1 pair of boots of Watchfulness {rElec rN+ Int-2 Stlth+}
Will     ++++.                  h - amulet "Viliq" {rC++ Regen+ Int+4 Dex+4}
Stlth    +.........             g - ring "Wiofihew" {rF+ Str+3 Int+6}
HPRegen  1.43/turn              T - +4 ring of slaying
MPRegen  0.25/turn

@: flying, slowed, glowing, studying 3 skills, repel missiles, very slow
A: AC +20, big wings, negative energy resistance 1, electricity resistance,
torment resistance 1, unbreathing 1, petrification resistance, talons 1, thin
metallic scales 1, strong-willed 1, weak 1
}: 4/15 runes: barnacled, silver, abyssal, gossamer
a: Stop Flying, Renounce Religion, Divine Shield, Cleansing Flame, Summon Divine
Warrior


You were on level 7 of the Iron City of Dis.
You worshipped the Shining One.
The Shining One was exalted by your worship.
You visited 14 branches of the dungeon, and saw 62 of its levels.
You visited the Abyss 2 times.
You visited 2 bazaars.
You also visited: Sewer, Gauntlet, Ice Cave, Volcano and Wizlab.

You collected 11233 gold pieces.
You spent 9168 gold pieces at shops.

Inventory:

Hand Weapons
 a - a +9 broad axe of holy wrath (weapon)
 b - a +9 vorpal hand crossbow
 u - a +9 scimitar of holy wrath
 I - a +7 broad axe of flaming
 U - a +9 vampiric demon whip
Missiles
 s - 1822 bolts
Armour
 f - a scarf of repulsion (worn)
 i - the +0 pair of gloves of Immorality (worn) {rF+ rC+ Int-5}
   (You found it in a volcano)

   It affects your intelligence (-5).
   It protects you from fire.
   It protects you from cold.
 v - a +1 kite shield of reflection (worn)
 w - the +13 plate armour of Duty (worn) {Stlth+}
   (You found it on level 1 of the Elven Halls)

   It makes you more stealthy.
 y - the +1 pair of boots of Watchfulness (worn) {rElec rN+ Int-2 Stlth+}
   (Okawaru gifted it to you on level 12 of the Dungeon)

   It affects your intelligence (-2).
   It insulates you from electricity.
   It protects you from negative energy.
   It makes you more stealthy.
 E - the +1 kite shield of Okawaru's Approval {+Fly rElec Str-4 Dex+6}
   (Okawaru gifted it to you on level 3 of the Abyss)

   It affects your strength (-4).
   It affects your dexterity (+6).
   It insulates you from electricity.
   It lets you fly.
 M - the -2 hat of the Alchemist (worn) {rElec rPois rF+ rC+ rN+ Will+ rMut rCorr}
   (You found it in a wizard's laboratory)

   It protects you from fire.
   It protects you from cold.
   It insulates you from electricity.
   It protects you from poison.
   It protects you from negative energy.
   It affects your willpower, your defense against some magical effects.
   It provides partial protection from all sources of acid and corrosion.
   It protects you from mutation.
Jewellery
 g - the ring "Wiofihew" (right hand) {rF+ Str+3 Int+6}
   (You acquired it on level 3 of the Dungeon)

   [ring of intelligence]

   It affects your strength (+3).
   It affects your intelligence (+6).
   It protects you from fire.
 h - the amulet "Viliq" (around neck) {rC++ Regen+ Int+4 Dex+4}
   (You acquired it on level 6 of the Dungeon)

   [amulet of regeneration]

   It affects your intelligence (+4).
   It affects your dexterity (+4).
   It greatly protects you from cold.
   It increases your rate of regeneration.
 T - a +4 ring of slaying (left hand)
Wands
 r - a wand of paralysis (52)
 N - a wand of digging (16)
 V - a wand of acid (52)
 W - a wand of mindburst (39)
Scrolls
 c - 3 scrolls of holy word
 o - 6 scrolls of fog
 q - a scroll of enchant weapon
 t - 7 scrolls of immolation
 z - 2 scrolls of brand weapon
 B - a scroll of acquirement
 C - a scroll of silence
 D - 9 scrolls of blinking
 G - 8 scrolls of fear
 H - 2 scrolls of magic mapping
 J - 27 scrolls of teleportation
Potions
 e - 10 potions of heal wounds
 j - 30 potions of curing
 k - 8 potions of haste
 m - 22 potions of mutation
 n - 4 potions of invisibility
 p - 6 potions of berserk rage
 A - 4 potions of might
 O - 4 potions of cancellation
 Q - 4 potions of resistance
Miscellaneous
 d - a phantom mirror
 l - a condenser vane
 x - a phial of floods
 F - the horn of Geryon
 P - a lightning rod (4/4)


   Skills:
 O Level 27 Fighting
 - Level 14.0 Long Blades
 - Level 16.9(18.0) Axes
 - Level 12.0(16.3) Maces & Flails
 - Level 10.0 Crossbows
 + Level 24.2 Armour
 + Level 20.6 Dodging
 + Level 9.9 Stealth
 + Level 24.0 Shields
 + Level 21.3 Invocations
 + Level 14.6 Evocations


You had 26 spell levels left.
You didn't know any spells.
Your spell library contained the following spells:

 Spells                   Type           Power      Damage    Failure   Level
 Animate Skeleton         Necr           0%         N/A       69%         1
 Apportation              Tloc           0%         N/A       69%         1
 Beastly Appendage        Tmut           0%         N/A       69%         1
 Corona                   Hex            0%         N/A       69%         1
 Foxfire                  Conj/Fire      0%         2x1d4     69%         1
 Freeze                   Ice            0%         1d3       69%         1
 Magic Dart               Conj           0%         1d3       69%         1
 Sandblast                Erth           0%         2d4       69%         1
 Summon Small Mammal      Summ           0%         N/A       69%         1
 Blink                    Tloc           N/A        N/A       83%         2
 Call Imp                 Summ           0%         N/A       83%         2
 Corpse Rot               Necr/Air       N/A        N/A       83%         2
 Ensorcelled Hibernation  Hex/Ice        0%         N/A       83%         2
 Passwall                 Tmut/Erth      0%         N/A       83%         2
 Searing Ray              Conj           0%         3d3       83%         2
 Slow                     Hex            0%         N/A       83%         2
 Swiftness                Air            0%         N/A       83%         2
 Wereblood                Tmut           0%         N/A       83%         2
 Call Canine Familiar     Summ           0%         N/A       96%         3
 Confusing Touch          Hex            0%         N/A       96%         3
 Conjure Flame            Conj/Fire      0%         6-21      96%         3
 Dazzling Flash           Conj/Hex       0%         N/A       96%         3
 Frozen Ramparts          Ice            0%         1d2       96%         3
 Gell's Gravitas          Tloc           0%         N/A       96%         3
 Ignite Poison            Fire/Tmut/Pois 0%         N/A       96%         3
 Inner Flame              Hex/Fire       0%         N/A       96%         3
 Lesser Beckoning         Tloc           0%         N/A       96%         3
 Mephitic Cloud           Conj/Pois/Air  0%         N/A       96%         3
 Ozocubu's Armour         Ice            0%         N/A       96%         3
 Portal Projectile        Hex/Tloc       0%         N/A       96%         3
 Spider Form              Tmut/Pois      0%         N/A       96%         3
 Static Discharge         Conj/Air       0%         N/A       96%         3
 Stone Arrow              Conj/Erth      0%         3d7       96%         3
 Teleport Other           Tloc           0%         N/A       96%         3
 Tukima's Dance           Hex            0%         N/A       96%         3
 Airstrike                Air            0%         N/A       100%        4
 Animate Armour           Summ/Erth      0%         N/A       100%        4
 Cause Fear               Hex            0%         N/A       100%        4
 Dispel Undead            Necr           0%         3d6       100%        4
 Fulminant Prism          Conj/Hex       0%         3d6       100%        4
 Hailstorm                Conj/Ice       0%         3d3       100%        4
 Ice Form                 Ice/Tmut       0%         N/A       100%        4
 Iskenderun's Mystic Bla  Conj/Tloc      0%         2d3       100%        4
 Leda's Liquefaction      Hex/Erth       0%         N/A       100%        4
 Passage of Golubria      Tloc           N/A        N/A       100%        4
 Petrify                  Tmut/Erth      0%         N/A       100%        4
 Sticky Flame             Conj/Fire      0%         2d3       100%        4
 Summon Ice Beast         Ice/Summ       0%         N/A       100%        4
 Summon Lightning Spire   Summ/Air       0%         N/A       100%        4
 Agony                    Necr           0%         N/A       100%        5
 Alistair's Intoxication  Tmut/Pois      0%         N/A       100%        5
 Blade Hands              Tmut           0%         N/A       100%        5
 Bolt of Magma            Conj/Fire/Erth 0%         4d4       100%        5
 Borgnjor's Vile Clutch   Necr/Erth      0%         N/A       100%        5
 Excruciating Wounds      Necr           0%         N/A       100%        5
 Fireball                 Conj/Fire      0%         3d3       100%        5
 Irradiate                Conj/Tmut      0%         3d13      100%        5
 Iskenderun's Battlesphe  Conj           0%         2d6       100%        5
 Lee's Rapid Deconstruct  Erth           0%         3d5*      100%        5
 Lightning Bolt           Conj/Air       0%         1d11      100%        5
 Manifold Assault         Tloc           0%         N/A       100%        5
 Metabolic Englaciation   Hex/Ice        0%         N/A       100%        5
 Silence                  Hex/Air        0%         N/A       100%        5
 Summon Forest            Summ/Tloc      0%         N/A       100%        5
 Summon Mana Viper        Hex/Summ       0%         N/A       100%        5
 Yara's Violent Unravell  Hex/Tmut       0%         3d3       100%        5
 Dispersal                Tloc           0%         N/A       100%        6
 Eringya's Noxious Bog    Tmut/Pois      0%         N/A       100%        6
 Freezing Cloud           Conj/Ice/Air   0%         6-21      100%        6
 Hydra Form               Tmut           0%         N/A       100%        6
 Invisibility             Hex            0%         N/A       100%        6
 Iron Shot                Conj/Erth      0%         9d1       100%        6
 Shadow Creatures         Summ           N/A        N/A       100%        6
 Simulacrum               Ice/Necr       0%         N/A       100%        6
 Starburst                Conj/Fire      0%         8x6d3     100%        6
 Dragon Form              Tmut           0%         N/A       100%        7
 Orb of Destruction       Conj           0%         N/A       100%        7
 Ozocubu's Refrigeration  Ice            0%         4d5       100%        7
 Spellforged Servitor     Conj/Summ      0%         N/A       100%        7
 Summon Hydra             Summ           0%         N/A       100%        7
 Borgnjor's Revivificati  Necr           0%         N/A       100%        8
 Disjunction              Tloc           0%         N/A       100%        8
 Ignition                 Fire           0%         3d3       100%        8
 Infestation              Necr           0%         N/A       100%        8
 Necromutation            Tmut/Necr      0%         N/A       100%        8
 Death's Door             Necr           0%         N/A       100%        9
 Dragon's Call            Summ           0%         N/A       100%        9
 Sublimation of Blood     Necr           Unusable   N/A       N/A         2
 Statue Form              Tmut/Erth      Unusable   N/A       N/A         6

Dungeon Overview and Level Annotations

Branches:
Dungeon (15/15)            Temple (1/1) D:4            Lair (6/6) D:11
 Shoals (4/4) Lair:4       Spider (4/4) Lair:2        Slime (0/5) Lair:6
    Orc (2/2) D:10            Elf (3/3) Orc:2        Vaults (5/5) D:14
  Crypt (3/3) Vaults:2       Tomb (1/3) Crypt:3      Depths (5/5) D:15
   Hell (visited)             Dis (7/7) Hell            Geh (0/7) Hell
    Coc (0/7) Hell            Tar (0/7) Hell            Zot (5/5) Depths:5
  Sewer (visited)           IceCv (visited)         Volcano (visited)
 WizLab (visited)         Gauntlet (visited)

Altars:
Ashenzari
Cheibriados
Dithmenos
Elyvilon
Fedhas
Gozag
Hepliaklqana
Kikubaaqudgha
Makhleb
Nemelex Xobeh
Okawaru
Qazlal
Ru
Sif Muna
Trog
Uskayaw
Vehumet
Wu Jian
Xom
Yredelemnul
Zin
The Shining One
Beogh
Jiyva

Shops:
D:8 [![   D:9 [   D:10 *=*?[   D:11 *=*   Orc:1 (   Orc:2 [*[*   Vaults:3 (
Vaults:4 (   Vaults:5 ??   Depths:3 (::[   Depths:5 (?(?[

Portals:
Hell: Depths:1 Depths:2 Depths:3 Depths:4 Depths:5
Abyss: Depths:1 Depths:4
Pandemonium: Depths:1 Depths:2 Depths:3
Ziggurat: Depths:2

Annotations:
D:3 1 runed translucent door
D:10 2 runed translucent doors


Innate Abilities, Weirdness & Mutations

Your stone body is resilient. (AC +20)
You are immune to poison.
Your large and strong wings let you fly indefinitely.
You resist negative energy. (rN+)
You are resistant to electric shocks. (rElec)
You are resistant to unholy torment.
You can survive without breathing.
You are immune to petrification.
You have sharp toenails.
You are partially covered in thin metallic scales. (AC +2)
You are strong-willed. (Will+)
You are weak. (Str -2)


Message History

You slash the Brimstone Fiend!
The Brimstone Fiend convulses.
The Brimstone Fiend is almost dead.
Unknown command.
You slash the Brimstone Fiend!
You kill the Brimstone Fiend!
The Shining One accepts your kill.
You feel better.
Unknown command.
You feel much better.
Unknown command.
You are too injured to fight recklessly!
You block the Hell Sentinel's attack. x2
Things that are here:
the +4 staff of Dispater; a ring of ice You open the Hell Sentinel like a pillowcase!!!
The Hell Sentinel convulses.
The Hell Sentinel is moderately wounded.
The Hell Sentinel hits you!
* * * LOW HITPOINT WARNING * * *
The Hell Sentinel hits you but does no damage.
You slice the Hell Sentinel!!
The Hell Sentinel convulses!!
The Hell Sentinel is heavily wounded.
You hear words spoken in a strange and terrible language...
Magic surges out from your body.
Your magical effects are unravelling.
You feel yourself slow down.
You slash the Hell Sentinel!
The Hell Sentinel convulses.
The Hell Sentinel is severely wounded.
You feel yourself slow down.
You feel a little less mighty now.
You hear a roar!
The Hell Sentinel gestures at you.
The sphere of damnation explodes!
The damnation engulfs you!!
* * * LOW HITPOINT WARNING * * *
The damnation engulfs the Hell Sentinel.
The Hell Sentinel completely resists.
You hit the Hell Sentinel but do no damage.
The Hell Sentinel is severely wounded.
The Hell Sentinel gestures at you.
The sphere of damnation explodes!
The damnation engulfs you!!
You die...

....†...............#
....................#
...##############...#
...#............#...#
...#.......)....#)..#
####..#########'###.#
.#....#...........#.#
.#....#...........#.#
....###..#######@.#.#
....#,,,,*,,,,,#.1#.#
....#,,,,*,,,,,#..#.#
....#,,,,+,,,,,#..#.#
..).#,,,,*,,,,,#..#.#
....#,,,,*,,,,,#..#.#
)...###,,******#..#.#
.#....#,,,,,,,,...#.#
.#....#,,,,,,,,...#.#


You could see a Hell Sentinel.

Vanquished Creatures
  2 dread liches
  Dispater (Dis:7)
  3 ancient liches
  9 orbs of fire (Zot:5)
  Mara (Shoals:3)
  2 juggernauts
  2 royal mummies (Tomb:1)
  Saint Roka (Orc:2)
  Bai Suzhen (Shoals:4)
  Boris (Depths:3)
  Margery (Depths:5)
  4 Killer Klowns (Zot:5)
  3 curse toes
  Xtahua (Vaults:4)
  12 golden dragons
  Geryon (Hell)
  Nikola (Depths:2)
  Arachne (Spider:2)
  7 bone dragons
  the Enchantress (Depths:3)
  A mutant beast (WizLab)
  Jory (Depths:5)
  A profane servitor (Abyss:2)
  5 Tzitzimimeh
  3 electric golems
  12 iron giants
  A shard shrike zombie (Crypt:1)
  6 Brimstone Fiends
  A hellephant (Abyss:4)
  10 Hell Sentinels
  14 liches
  25 Orb Guardians (Zot:5)
  4 Ice Fiends
  Asterion (Vaults:2)
  16 tentacled monstrosities
  11 deep elf master archers
  9 quicksilver dragons
  19 titans
  9 deep elf blademasters
  24 ancient champions
  Murray (Hell)
  4 Executioners
  8 sphinxes
  5 death cobs
  Polyphemus (Shoals:3)
  2 krakens
  6 tentacled starspawn
  16 storm dragons
  5 draconian monks
  Donald (Vaults:2)
  6 tengu reavers
  Kirke (Spider:3)
  Roxanne (Shoals:4)
  8 shadow dragons
  4 revenants
  Ilsuiw (Shoals:3)
  27 fire giants
  11 frost giants
  13 iron dragons
  2 draconian knights
  2 orc warlords
  6 cacodemons
  13 deep elf sorcerers
  4 ghouls
  Aizul (Depths:3)
  21 vault wardens
  5 emperor scorpions
  14 draconian shifters
  3 curse skulls
  4 draconian scorchers
  A juggernaut zombie (D:15)
  6 ghost moths
  3 deep elf elementalists (Elf:3)
  3 balrugs
  5 draconian stormcallers
  16 ironbound preservers
  33 stone giants
  3 spriggan defenders (Depths:3)
  A caustic shrike skeleton (D:15)
  48 reapers
  8 war gargoyles
  4 draconian annihilators
  29 very ugly things
  13 deep elf demonologists
  11 black draconians
  4 vampire knights
  4 bennus (Tomb:1)
  14 green draconians
  13 purple draconians
  7 dire elephants (Abyss:4)
  3 lorocyprocas
  Nessos (D:12)
  An entropy weaver (shapeshifter) (Vaults:4)
  11 deep elf annihilators
  9 red draconians
  3 entropy weavers
  Azrael (Spider:2)
  The ghost of Zeld the Destroyer, a journeyman HuCj of Vehumet (Orc:1)
  9 white draconians
  14 yellow draconians
  A minotaur (Gauntlet)
  5 blizzard demons
  10 spark wasps
  5 eidola
  Snorg (D:13)
  An ettin (shapeshifter) (Depths:1)
  4 mummy priests (Tomb:1)
  8 crystal guardians
  10 merfolk impalers
  7 merfolk javelineers
  15 ettins
  2 green deaths
  18 fire dragons
  3 quicksilver dragon zombies
  9 deep elf death magi
  8 jiangshi
  6 deep elf high priests
  11 yaktaur captains
  9 great orbs of eyes
  Fannar (D:10)
  Erolcha (D:9)
  7 ironbound thunderhulks
  36 vault guards
  5 boulder beetles
  4 peacekeepers
  6 hydras
  A great orb of eyes (shapeshifter) (Vaults:5)
  5 spriggan air magi
  An ice dragon (shapeshifter) (Vaults:3)
  7 rakshasas
  8 ironbound frosthearts
  A hell beast (Dis:1)
  7 ice dragons
  2 ogre magi
  5 catoblepae
  4 death knights
  21 centaur warriors
  2 merfolk avatars
  3 merfolk aquamancers
  17 death scarabs
  4 tengu warriors
  8 deep troll shamans
  31 dancing weapons
  18 two-headed ogres
  10 death yaks
  5 titan zombies
  9 hell hogs
  4 thrashing horrors (Abyss:3)
  5 orc high priests
  A shock serpent (shapeshifter) (WizLab)
  8 spriggan berserkers
  A two-headed ogre (shapeshifter) (Vaults:5)
  6 deep troll earth magi
  Nergalle (D:12)
  8 vampire magi
  11 hell knights
  7 soul eaters
  2 sun demons (Hell)
  4 ironbound beastmasters
  The ghost of Atlas the Thaumaturge, a novice DjAE of Gozag (D:8)
  3 spatial maelstroms (Abyss:4)
  2 spectral emperor scorpions (Spider:4)
  A storm dragon skeleton (Dis:2)
  3 fire crabs (shapeshifter) (WizLab)
  6 wretched stars
  4 titan skeletons
  34 deep elf knights
  5 iron golems
  23 iron trolls
  A ghost moth zombie (Dis:7)
  3 shadow wraiths
  128 skeletal warriors
  7 anaconda zombies
  3 sixfirhies
  14 sea snakes
  A spriggan druid (Elf:2)
  59 deep trolls
  14 flayed ghosts
  A kraken simulacrum (Hell)
  7 golden dragon zombies
  2 orange crystal statues
  11 glowing orange brains
  A shadow demon (Dis:1)
  9 wizards
  7 shadow dragon zombies
  7 lindwurms
  2 bog bodies (Crypt:3)
  2 obsidian statues
  7 wolf spider zombies
  Pikel (D:8)
  3 anaconda skeletons
  14 ironbound convokers
  23 deep elf archers
  9 orc knights
  13 phantasmal warriors
  23 harpies
  37 deep elf pyromancers
  15 orb spiders
  A sphinx zombie (Crypt:3)
  6 fire giant zombies
  10 necromancers
  31 deep elf zephyrmancers
  5 iron dragon zombies
  2 tengu skeletons
  3 frost giant zombies
  5 oklob plants
  2 shadow dragon skeletons
  54 ugly things
  7 cyclopes
  A manticore (shapeshifter) (D:14)
  6 fauns
  34 wolf spiders
  10 manticores
  4 orc sorcerers (Orc:2)
  3 stone giant skeletons
  9 stone giant zombies
  12 vault sentinels
  4 worldbinders
  34 moths of wrath
  A fire giant skeleton (Abyss:3)
  A black mamba (Lair:4)
  4 water nymphs
  3 spriggan zombies
  2 frost giant skeletons
  2 guardian serpents (Abyss:3)
  7 ice statues
  A black mamba (shapeshifter) (WizLab)
  3 dire elephant zombies
  17 merfolk sirens
  7 smoke demons
  14 elephants
  3 torpor snails
  A water nymph (shapeshifter) (Vaults:5)
  42 rust devils
  A torpor snail (shapeshifter) (WizLab)
  8 human skeletons
  A shock serpent skeleton (Abyss:3)
  3 unseen horrors
  16 cane toads
  An orange demon (Gauntlet)
  2 gargoyles (Gauntlet)
  3 emperor scorpion zombies
  An eye of devastation (Abyss:3)
  A minotaur zombie (Dis:2)
  An elephant slug zombie (Crypt:2)
  A molten gargoyle (Hell)
  A dire elephant skeleton (Tomb:1)
  41 yaktaurs
  13 hellions
  A rime drake (shapeshifter) (WizLab)
  2 unseen horrors (shapeshifter)
  2 catoblepas zombies (Dis:7)
  14 demonic crawlers
  20 large abominations
  3 rime drakes
  A yaktaur (shapeshifter) (WizLab)
  An anaconda simulacrum (IceCv)
  3 efreet
  A black draconian zombie (Crypt:1)
  A komodo dragon (shapeshifter) (WizLab)
  5 komodo dragons
  A green draconian zombie (Crypt:2)
  2 tengu conjurers
  A golden dragon simulacrum (IceCv)
  A hellwing (Abyss:3)
  4 spectral redbacks (Spider:4)
  A grey draconian skeleton (Crypt:1)
  21 ice devils
  A black draconian skeleton (Crypt:3)
  32 tormentors
  An alligator snapping turtle skeleton (Crypt:3)
  15 freezing wraiths
  14 guardian mummies
  7 ancient zymes
  3 meliai
  2 redback zombies (Spider:4)
  14 red devils
  A queen bee (shapeshifter) (WizLab)
  A sea snake skeleton (Crypt:3)
  4 yaktaur skeletons
  26 merfolk
  A queen bee (Spider:4)
  3 harpy zombies (Shoals:4)
  2 wind drakes (shapeshifter) (WizLab)
  2 polar bears (shapeshifter) (WizLab)
  4 hydra zombies
  11 trolls
  2 wind drakes
  24 jumping spiders
  A tengu simulacrum (Depths:1)
  16 hornets
  A meliai (shapeshifter) (WizLab)
  3 hydra skeletons (Hell)
  A slime creature (shapeshifter) (WizLab)
  4 polar bears
  2 raiju (shapeshifter)
  A harpy skeleton (Abyss:3)
  2 spectral tarantellas (Spider:4)
  A hornet (shapeshifter) (WizLab)
  An ice dragon zombie (Dis:4)
  14 raiju
  4 tarantella zombies (Spider:4)
  18 small abominations
  A jumping spider zombie (Spider:4)
  22 slime creatures
  8 fire dragon zombies
  21 blink frogs
  5 ettin zombies
  8 dream sheep
  3 alligator zombies
  4 spectral jumping spiders (Spider:4)
  47 flying skulls
  A stone giant simulacrum (Tomb:1)
  3 black mamba zombies
  8 snapping turtles
  A meliai zombie (D:12)
  An alligator skeleton (Crypt:3)
  A guardian serpent skeleton (Crypt:2)
  17 spriggans
  11 shadows
  30 tarantellas
  4 tarantellas (shapeshifter)
  A deep troll zombie (D:15)
  4 air elementals
  A spriggan (shapeshifter) (WizLab)
  31 water elementals
  A dire elephant simulacrum (IceCv)
  73 redbacks
  25 starcursed masses
  An ettin skeleton (Abyss:3)
  2 fire dragon skeletons
  6 ynoxinuls (Abyss:3)
  A vampire (D:11)
  2 golden eyes (shapeshifter) (WizLab)
  27 wraiths
  28 yaks
  An ushabti (Tomb:1)
  A human (shapeshifter) (WizLab)
  A basilisk (shapeshifter) (Elf:1)
  A chaos spawn (Abyss:2)
  A hog (Spider:3)
  6 wyverns
  6 basilisks
  13 fire elementals
  2 fire bats (Volcano)
  4 neqoxecs
  A steam dragon (D:8)
  An elf skeleton (Vaults:2)
  2 iron troll simulacra (IceCv)
  A swamp worm (shapeshifter) (Abyss:3)
  3 vampire mosquitoes
  6 spatial vortices (Abyss:4)
  4 wargs
  A merfolk zombie (Dis:6)
  2 swamp worms (Gauntlet)
  A harpy simulacrum (IceCv)
  A torturous demonspawn zombie (Crypt:2)
  A hydra simulacrum (IceCv)
  A water nymph zombie (Crypt:1)
  2 acid dragons
  15 water moccasins
  4 cane toad zombies
  56 hell hounds
  Edmund (D:6)
  A deep troll skeleton (Crypt:3)
  39 orc warriors
  Duvessa (D:5)
  5 floating eyes
  An ice beast (shapeshifter) (Elf:1)
  3 sky beasts
  2 sky beasts (shapeshifter)
  5 black bears (shapeshifter) (WizLab)
  4 hornet zombies (Spider:4)
  12 ice beasts
  4 necrophages
  3 swamp dragon zombies
  5 snapping turtle zombies
  6 manticore zombies
  10 black bears
  45 ogres
  2 ettin simulacra (IceCv)
  32 wolves
  8 boggarts
  A dream sheep skeleton (Crypt:3)
  21 centaurs
  A lindwurm skeleton (Crypt:1)
  A lemure (D:8)
  3 phantoms
  4 kobold brigands
  17 bullfrogs
  7 earth elementals
  2 gnoll sergeants (D:10)
  A water moccasin zombie (D:7)
  2 elf zombies
  Dowan (D:5)
  3 scorpions
  A troll zombie (Dis:7)
  A shapeshifter zombie (Crypt:2)
  A warg skeleton (Crypt:3)
  34 killer bees
  35 wights
  7 howler monkeys
  A human simulacrum (Vaults:2)
  3 electric eels
  2 bullfrog zombies
  2 crimson imps
  5 human zombies
  2 quasits
  Crazy Yiuf (D:6)
  A gnoll shaman (D:8)
  3 hounds
  3 jellies
  28 orc priests
  A bullfrog skeleton (D:5)
  51 iron imps
  Terence (D:3)
  Jessica (D:3)
  3 centaur skeletons
  8 iguanas
  Ijyb (D:3)
  16 orc wizards
  9 hell rats (Hell)
  6 removed worker ants
  2 killer bee zombies
  2 ghosts
  A felid zombie (Crypt:2)
  An ogre zombie (Dis:2)
  A naga zombie (Dis:1)
  2 hound zombies
  2 hound skeletons
  20 mummies
  Robin (D:2)
  A howler monkey zombie (D:9)
  9 gnolls
  17 adders
  2 river rats (D:6)
  5 shadow imps
  7 white imps
  3 ufetubi
  An adder skeleton (D:9)
  An adder zombie (D:8)
  5 worms
  A dart slug (D:2)
  110 orcs
  4 bats
  16 endoplasms
  19 giant cockroaches
  15 goblins
  9 hobgoblins
  8 jackals
  22 quokkas
  16 ball pythons
  A ball python zombie (Crypt:2)
  18 frilled lizards
  2 gnoll skeletons
  2 goblin zombies
  18 kobolds
  2 kobold zombies
  An orc zombie (D:8)
  2 quokka skeletons
  5 rats
  A lurking horror (Abyss:2)
  7 starspawn tentacles
  3 tentacles
3780 creatures vanquished.

Vanquished Creatures (collateral kills)
  2 iron giants (Dis:6)
  A reaper (Dis:6)
  A rust devil (Hell)
  A hellion (Dis:6)
  A tormentor (Dis:6)
6 creatures vanquished.

Vanquished Creatures (others)
  A hellephant (Abyss:4)
  A lich (Tomb:1)
  A titan (Vaults:5)
  A fire giant (Zot:1)
  An ogre mage (Vaults:5)
  A hell hog (Depths:1)
  2 two-headed ogres (Volcano)
  3 deep elf knights
  2 deep elf archers (Elf:2)
  2 deep elf pyromancers
  A bog body (Crypt:2)
  A wizard (Vaults:2)
  A deep elf zephyrmancer (Elf:2)
  A necromancer (D:14)
  3 water elementals
  A human (Spider:3)
  A chaos spawn (Abyss:4)
  A hell hound (Spider:2)
  3 small abominations (Abyss:2)
  2 killer bees (Spider:4)
  An iron imp (Dis:6)
  A white imp (Abyss:2)
  A kobold (D:12)
  31 fungi
  104 plants
  10 starspawn tentacles
  17 tentacles
  5 withered plants
200 creatures vanquished.

Grand Total: 3986 creatures vanquished

Notes
Turn   | Place    | Note
-------+----------+-------------------------------------------
     0 | D:1      | rocky1 the Gargoyle Fighter began the quest for the Orb.
     0 | D:1      | Reached XP level 1. HP: 14/14 MP: 1/1
   411 | D:1      | Reached XP level 2. HP: 18/19 MP: 2/2
  1179 | D:2      | Reached XP level 3. HP: 23/23 MP: 3/3
  1383 | D:2      | Found an ancient bone altar of Kikubaaqudgha.
  1619 | D:2      | Reached XP level 4. HP: 28/28 MP: 4/4
  1675 | D:2      | Noticed a necrophage
  1692 | D:2      | Killed a necrophage
  1693 | D:2      | Reached XP level 5. HP: 8/32 MP: 5/5
  2191 | D:2      | Noticed Robin
  2219 | D:2      | Killed Robin
  2667 | D:3      | Identified 4 scrolls of acquirement
  2667 | D:3      | Acquired the +0 chain mail "Onius" {Str+3 Dex+5}
  2685 | D:3      | Acquired the ring "Wiofihew" {rF+ Str+3 Int+6}
  2688 | D:3      | Acquired a manual of Dodging
  2690 | D:3      | Acquired a +4 vampiric demon whip
  2707 | D:3      | Noticed Jessica
  2714 | D:3      | Killed Jessica
  2715 | D:3      | Reached XP level 6. HP: 34/37 MP: 6/6
  2721 | D:3      | Reached skill level 5 in Shields
  2803 | D:3      | Found a runed translucent door.
  2803 | D:3      | Noticed an angel
  2807 | D:3      | Found a white marble altar of Elyvilon.
  2826 | D:3      | Found a transporter.
  2917 | D:3      | Found a transporter.
  2971 | D:3      | Noticed Ijyb
  2978 | D:3      | Paralysed by Ijyb for 3 turns
  2983 | D:3      | Killed Ijyb
  2984 | D:3      | Reached skill level 5 in Maces & Flails
  3441 | D:3      | Noticed Terence
  3450 | D:3      | Killed Terence
  3839 | D:4      | Reached XP level 7. HP: 32/41 MP: 7/7
  4132 | D:4      | Found a radiant altar of Vehumet.
  4334 | D:4      | Reached XP level 8. HP: 46/46 MP: 8/8
  4518 | D:4      | Found a staircase to the Ecumenical Temple.
  4657 | Temple   | Entered the Ecumenical Temple
  4703 | Temple   | Became a worshipper of Warmaster Okawaru
  4916 | D:5      | Entered Level 5 of the Dungeon
  4940 | D:5      | Noticed Duvessa
  4940 | D:5      | Noticed Dowan
  4948 | D:5      | Killed Duvessa
  4952 | D:5      | Killed Dowan
  5613 | D:6      | Noticed Edmund
  5622 | D:6      | Killed Edmund
  5627 | D:6      | Reached * piety under Okawaru
  5825 | D:6      | Found a shadowy altar of Dithmenos.
  5842 | D:6      | Reached XP level 9. HP: 51/51 MP: 9/9
  6018 | D:6      | Found a glowing drain.
  6029 | Sewer    | Entered a sewer
  6635 | D:6      | Reached ** piety under Okawaru
  6636 | D:6      | Reached skill level 10 in Maces & Flails
  6868 | D:6      | Found a runed translucent door.
  6869 | D:6      | Noticed Crazy Yiuf
  6988 | D:6      | Killed Crazy Yiuf
  7022 | D:6      | Acquired the amulet "Viliq" {rC++ Regen+ Int+4 Dex+4}
  7038 | D:6      | Acquired 507 gold pieces
  7040 | D:6      | Acquired 418 gold pieces
  8012 | D:8      | Noticed Pikel
  8017 | D:8      | Reached *** piety under Okawaru
  8031 | D:8      | Killed Pikel
  8032 | D:8      | Reached XP level 10. HP: 56/56 MP: 10/10
  8077 | D:8      | Found a runed translucent door.
  8199 | D:8      | Reached **** piety under Okawaru
  8214 | D:8      | Reached skill level 10 in Shields
  8264 | D:8      | Found Fomoc's Distillery.
  8274 | D:8      | Bought a potion of degeneration for 11 gold pieces
  8274 | D:8      | Bought a potion of curing for 33 gold pieces
  8274 | D:8      | Bought 2 potions of mutation for 176 gold pieces
  8274 | D:8      | Bought a potion of lignification for 33 gold pieces
  8274 | D:8      | Bought a potion of resistance for 110 gold pieces
  8274 | D:8      | Bought a potion of curing for 33 gold pieces
  8274 | D:8      | Bought 2 potions of curing for 66 gold pieces
  8274 | D:8      | Bought a potion of brilliance for 44 gold pieces
  8274 | D:8      | Bought a potion of cancellation for 88 gold pieces
  8274 | D:8      | Bought a potion of curing for 33 gold pieces
  8274 | D:8      | Bought a potion of curing for 33 gold pieces
  8597 | D:8      | Found a basalt altar of Yredelemnul.
  8668 | D:8      | Found Imullufyr's Armour Shop.
  8677 | D:8      | Bought the +3 pair of gloves of Parts Unknown {rF+} for 435
                  | gold pieces
  8786 | D:8      | Noticed Atlas's ghost (novice DjAE)
  8836 | D:8      | Killed Atlas's ghost
  8836 | D:8      | Reached ***** piety under Okawaru
  8879 | D:8      | Reached XP level 11. HP: 60/60 MP: 11/11
  8888 | D:8      | Found Nurepp's Antique Armour Boutique.
  8909 | D:8      | Bought a pair of boots for 126 gold pieces
  9116 | D:9      | Found a hazy altar of Hepliaklqana.
  9120 | D:9      | Found a sacrificial altar of Ru.
  9122 | D:9      | Found a blossoming altar of Fedhas.
  9491 | D:9      | Found Reze's Armour Boutique.
  9524 | D:9      | Noticed a two-headed ogre
  9536 | D:9      | Killed a two-headed ogre
  9568 | D:9      | Found a broken altar of Ashenzari.
  9663 | D:9      | Found a bloodstained altar of Trog.
  9761 | D:9      | Noticed Erolcha
  9768 | D:9      | Killed Erolcha
  9952 | D:10     | Entered Level 10 of the Dungeon
  9952 | D:10     | Found a runed translucent door.
  9967 | D:10     | Noticed an orange crystal statue
  9976 | D:10     | Found a runed translucent door.
  9989 | D:10     | Found a runed translucent door.
  9999 | D:10     | Found a runed translucent door.
 10020 | D:10     | Killed an orange crystal statue
 10121 | D:10     | Found Puibaiji's Lightly-Used Armoury.
 10123 | D:10     | Noticed Fannar
 10149 | D:10     | Killed Fannar
 10208 | D:10     | You fall into a shaft and drop 2 floors!
 10208 | D:12     | Noticed Nergalle
 10208 | D:12     | Noticed a brown ugly thing
 10208 | D:12     | Noticed an eight-headed hydra
 10230 | D:12     | Killed an eight-headed hydra
 10246 | D:12     | HP: 1/58 [spectral orc knight/+0 dire flail[Nergalle] (5)]
 10252 | D:12     | Killed Nergalle
 10252 | D:12     | Received a gift from Okawaru
 10259 | D:12     | Killed a brown ugly thing
 10455 | D:12     | Noticed Nessos
 10500 | D:12     | Killed Nessos
 10501 | D:12     | Reached XP level 12. HP: 46/64 MP: 13/15
 10549 | D:12     | Noticed a two-headed ogre
 10564 | D:12     | Killed a two-headed ogre
 10565 | D:12     | Reached skill level 5 in Invocations
 10575 | D:11     | Upgraded the game from 0.27-a0-732-ga892ba84f6 to
                  | 0.27-a0-773-gaaee5cf45b
 10586 | D:11     | Found a staircase to the Lair.
 10632 | D:11     | Reached skill level 15 in Shields
 11226 | D:11     | Found Jaeson's Jewellery Emporium.
 11344 | D:11     | Found Voreof's General Store.
 11354 | D:11     | Bought a scroll of identify for 24 gold pieces
 11354 | D:11     | Bought a scroll of magic mapping for 42 gold pieces
 11354 | D:11     | Bought a potion of mutation for 96 gold pieces
 11354 | D:11     | Bought a scroll of identify for 24 gold pieces
 11354 | D:11     | Bought a scroll of teleportation for 36 gold pieces
 11493 | D:11     | Found Byl Jufa's Assorted Antiques.
 11496 | D:11     | Bought a potion of heal wounds for 190 gold pieces
 11683 | D:11     | Noticed a deep troll earth mage
 11688 | D:11     | Killed a deep troll earth mage
 11695 | D:11     | Reached ****** piety under Okawaru
 11736 | D:11     | Found a snail-covered altar of Cheibriados.
 12079 | Lair:1   | Entered Level 1 of the Lair of Beasts
 12133 | Lair:1   | Reached skill level 1 in Dodging
 12184 | Lair:1   | Reached skill level 4 in Fighting
 12776 | Lair:1   | Identified the +5 great mace of Responsibility {vorpal,
                  | +Rage +Fly} (Okawaru gifted it to you on level 1 of the
                  | Lair of Beasts)
 12776 | Lair:1   | Received a gift from Okawaru
 12809 | Lair:2   | Reached skill level 5 in Armour
 12819 | Lair:2   | Reached skill level 5 in Fighting
 12819 | Lair:2   | Reached XP level 13. HP: 69/72 MP: 19/19
 12908 | Lair:2   | Found a hole to the Spider Nest.
 13103 | Lair:2   | Reached skill level 6 in Fighting
 13143 | Lair:2   | Reached skill level 5 in Dodging
 13624 | Lair:3   | Found a dark tunnel.
 13649 | Volcano  | Entered a volcano
 13677 | Volcano  | Received a gift from Okawaru
 13786 | Volcano  | Reached skill level 7 in Fighting
 13943 | Volcano  | Identified the +0 pair of gloves of Immorality {rF+ rC+
                  | Int-5}
 15039 | D:10     | Found Vioreysi's Assorted Antiques.
 15233 | D:10     | Found Aluz's Magic Scroll Boutique.
 15277 | D:10     | Found Gazer's Armour Boutique.
 15423 | D:10     | Found Naam Nei's Jewellery Emporium.
 15440 | D:10     | Found a staircase to the Orcish Mines.
 15747 | D:12     | Identified the +1 pair of boots of Watchfulness {rElec rN+
                  | Int-2 Stlth+} (Okawaru gifted it to you on level 12 of the
                  | Dungeon)
 15747 | D:12     | Received a gift from Okawaru
 15910 | D:12     | Reached skill level 8 in Fighting
 16390 | D:13     | Found a flickering gateway to a bazaar.
 16396 | Bazaar   | Entered a bazaar
 16400 | Bazaar   | Found Sysuos's General Store.
 16418 | Bazaar   | Found Qoocagoe's Antique Armour Emporium.
 16429 | Bazaar   | Found Puoquysk's Distillery.
 16474 | Bazaar   | Found Itesapp's Assorted Antiques.
 16517 | Bazaar   | Bought a scroll of blinking for 195 gold pieces
 16555 | Bazaar   | Bought a potion of heal wounds for 90 gold pieces
 16555 | Bazaar   | Bought a potion of might for 72 gold pieces
 16698 | D:13     | Found a gate leading to a gauntlet.
 16703 | Gauntlet | Entered a Gauntlet
 16703 | Gauntlet | Found a transporter.
 16708 | Gauntlet | Found a transporter.
 16710 | Gauntlet | Found a transporter.
 16728 | Gauntlet | Found a transporter.
 16730 | Gauntlet | Found a transporter.
 16733 | Gauntlet | Noticed a green death
 16747 | Gauntlet | Found a transporter.
 16761 | Gauntlet | Found a transporter.
 16769 | Gauntlet | Found a runed translucent door.
 16771 | Gauntlet | Found a transporter.
 16773 | Gauntlet | Found a runed translucent door.
 16781 | Gauntlet | Found a transporter.
 16784 | Gauntlet | Noticed a quicksilver ooze
 16797 | Gauntlet | Found a transporter.
 16806 | Gauntlet | Found a transporter.
 16811 | Gauntlet | Found a transporter.
 16926 | Gauntlet | Found a transporter.
 16935 | Gauntlet | Identified the ring of Haca {rElec rC+ Will+ Str-2 Int+6}
 16962 | Gauntlet | Gained mutation: Your large and strong wings let you fly
                  | indefinitely. [Gargoyle growth]
 16962 | Gauntlet | Reached XP level 14. HP: 84/84 MP: 20/20
 16978 | Gauntlet | Identified the ring "Immakiug" {+Blink rC+ Str+2}
 17006 | Gauntlet | Identified the +5 scale mail of Facigiefi {Rampage Dex+2
                  | SInv}
 17044 | Gauntlet | Identified the +3 leather armour "Egritu" {SInv}
 17044 | Gauntlet | Identified the Handbook of Icy Dislocation
 17080 | D:13     | Reached skill level 9 in Fighting
 17113 | D:13     | Noticed Snorg
 17130 | D:13     | Killed Snorg
 17950 | Lair:1   | Acquired 1004 gold pieces
 18321 | Lair:4   | Received a gift from Okawaru
 18383 | Lair:4   | You fall into a shaft and drop 1 floor!
 18442 | Lair:5   | Reached skill level 10 in Armour
 18442 | Lair:5   | Reached skill level 10 in Dodging
 18465 | Lair:5   | Reached skill level 10 in Fighting
 18574 | Lair:5   | Identified the +0 shortbow of Onlomeot {flame, +Inv rC-
                  | rN+}
 18864 | Lair:4   | Found a staircase to the Shoals.
 19733 | Lair:6   | Entered Level 6 of the Lair of Beasts
 19763 | Lair:6   | Reached XP level 15. HP: 93/93 MP: 13/21
 19774 | Lair:6   | Received a gift from Okawaru
 19775 | Lair:6   | Reached skill level 11 in Fighting
 20062 | Lair:6   | Found a viscous altar of Jiyva.
 20064 | Lair:6   | Found a staircase to the Slime Pits.
 20722 | Lair:6   | Identified the +3 robe of Restlessness {Rampage rElec Will-
                  | Dex+4}
 21305 | D:14     | Reached skill level 1 in Crossbows
 21305 | D:14     | Reached skill level 1 in Evocations
 21381 | D:14     | Received a gift from Okawaru
 21386 | D:14     | Found a gate to the Vaults.
 21396 | D:14     | Reached skill level 12 in Fighting
 21701 | D:14     | Identified the Handbook of the Volcanoes and the Birds
 21917 | D:15     | Entered Level 15 of the Dungeon
 21982 | D:15     | Received a gift from Okawaru
 22079 | D:15     | Found a staircase to the Depths.
 22149 | D:15     | Reached XP level 16. HP: 53/102 MP: 22/22
 22277 | D:15     | Found a blossoming altar of Fedhas.
 22375 | D:15     | Found a sparkling altar of Nemelex Xobeh.
 22901 | Depths:1 | Entered Level 1 of the Depths
 22943 | Depths:1 | Noticed a lich
 22974 | Depths:1 | Killed a lich
 23070 | Depths:1 | Noticed a lich
 23090 | Depths:1 | Killed a lich
 23109 | Depths:1 | Found a magical portal.
 23126 | WizLab   | Entered Cigotuvi's Fleshworks
 23292 | WizLab   | Received a gift from Okawaru
 23368 | WizLab   | Reached skill level 5 in Crossbows
 23516 | WizLab   | Noticed Cigotuvi's Monster
 23559 | WizLab   | Killed Cigotuvi's Monster
 23560 | WizLab   | Reached skill level 13 in Fighting
 23824 | WizLab   | Reached skill level 5 in Evocations
 23940 | WizLab   | Paralysed by a floating eye for 3 turns
 23948 | WizLab   | Paralysed by a floating eye for 4 turns
 23974 | WizLab   | Paralysed by a floating eye for 4 turns
 24011 | WizLab   | Found the -2 hat of the Alchemist {rElec rPois rF+ rC+ rN+
                  | Will+ rMut rCorr}
 24060 | WizLab   | Paralysed by a floating eye for 4 turns
 24076 | WizLab   | Paralysed by a floating eye for 3 turns
 24376 | WizLab   | Identified Irraj's Volume of Transmutation
 24383 | WizLab   | Identified Cigotuvi's Volume of Transmigration and Black
                  | Arts
 24626 | Depths:1 | Identified the +2 hand crossbow of Termination {flame,
                  | Will+} (Okawaru gifted it to you on level 1 of the Depths)
 24626 | Depths:1 | Received a gift from Okawaru
 24641 | Depths:1 | Reached XP level 17. HP: 109/109 MP: 23/23
 24739 | Depths:1 | Found a gateway to Hell.
 24899 | Depths:1 | Found a one-way gate leading to the halls of Pandemonium.
 25427 | Depths:1 | Identified the Papyrus of the Displaced Entourage
 25447 | Depths:1 | Found a one-way gate to the infinite horrors of the Abyss.
 25596 | Depths:1 | Received a gift from Okawaru
 25598 | Depths:1 | Paralysed by a great orb of eyes for 3 turns
 25900 | Depths:1 | Identified the +0 chain mail of Otosal {rPois Dex+4}
 26012 | Depths:1 | Reached skill level 14 in Fighting
 26044 | Depths:1 | Noticed a juggernaut
 26088 | Depths:1 | Killed a juggernaut
 26341 | Depths:2 | Noticed Nikola
 26363 | Depths:2 | Killed Nikola
 26407 | Depths:2 | Received a gift from Okawaru
 26466 | Depths:2 | Reached XP level 18. HP: 117/117 MP: 24/24
 26475 | Depths:2 | Found an iron altar of Okawaru.
 26761 | Orc:1    | Entered Level 1 of the Orcish Mines
 26830 | Orc:1    | Found a runed translucent gate.
 26830 | Orc:1    | Found a runed translucent gate.
 26830 | Orc:1    | Found a runed translucent gate.
 26830 | Orc:1    | Noticed Zeld's ghost (journeyman HuCj)
 26831 | Orc:1    | Found an iron altar of Okawaru.
 26870 | Orc:1    | Killed Zeld's ghost
 26918 | Orc:1    | Identified the +9 scimitar of Execution {vorpal, Str+6}
 27052 | Orc:2    | Entered Level 2 of the Orcish Mines
 27056 | Orc:2    | Noticed Saint Roka
 27173 | Orc:2    | Killed Saint Roka
 27708 | Orc:1    | Found Xegakel's Weapon Shoppe.
 27718 | Orc:1    | Bought a +2 broad axe of freezing for 288 gold pieces
 28263 | Orc:2    | Found Xen Cypn's General Store.
 28270 | Orc:2    | Bought a scroll of blinking for 75 gold pieces
 28279 | Orc:2    | Found Becluuxt's Antique Armour Shoppe.
 28293 | Orc:2    | Received a gift from Okawaru
 28806 | Orc:2    | Found Netwogad's Assorted Antiques.
 28811 | Orc:2    | Received a gift from Okawaru
 28881 | Orc:2    | Bought a scroll of enchant weapon for 240 gold pieces
 29055 | Orc:2    | Found Urho's Antique Armour Emporium.
 29097 | Orc:2    | Bought a bloodstained hat for 189 gold pieces
 29097 | Orc:2    | Identified the -1 hat "Deogunea" {rN+} (You bought it in a
                  | shop on level 2 of the Orcish Mines)
 29097 | Orc:2    | Bought an ichor-stained plate armour for 588 gold pieces
 29097 | Orc:2    | Identified the +6 plate armour of Bicarona {rC++ Int-5
                  | Slay+2 Stlth+} (You bought it in a shop on level 2 of the
                  | Orcish Mines)
 29242 | Orc:2    | Identified the +0 chain mail of Classification {*Contam
                  | Will+ Dex+2}
 29338 | Orc:2    | Found a staircase to the Elven Halls.
 29695 | Shoals:1 | Entered Level 1 of the Shoals
 29746 | Shoals:1 | Received a gift from Okawaru
 30507 | Shoals:2 | Reached skill level 15 in Armour
 30626 | Shoals:2 | Reached skill level 15 in Fighting
 30800 | Shoals:2 | Received a gift from Okawaru
 30962 | Shoals:2 | Received a gift from Okawaru
 31192 | Shoals:2 | Received a gift from Okawaru
 31238 | Shoals:2 | Reached XP level 19. HP: 124/124 MP: 25/25
 31571 | Shoals:3 | Noticed Ilsuiw
 31686 | Shoals:3 | Killed Ilsuiw
 31727 | Shoals:3 | Reached skill level 10 in Crossbows
 31889 | Shoals:3 | Noticed Polyphemus
 31957 | Shoals:3 | Killed Polyphemus
 32217 | Shoals:3 | Noticed Mara
 32228 | Shoals:3 | Noticed rocky1's illusion
 32312 | Shoals:3 | Killed Mara
 32562 | Shoals:4 | Entered Level 4 of the Shoals
 32619 | Shoals:4 | Noticed Bai Suzhen
 32641 | Shoals:4 | Noticed Roxanne
 32698 | Shoals:4 | Killed Bai Suzhen
 32745 | Shoals:4 | Killed Roxanne
 32782 | Shoals:4 | Found a flickering gateway to a bazaar.
 32789 | Bazaar   | Entered a bazaar
 32792 | Bazaar   | Found Ijyrghum's Distillery.
 32797 | Bazaar   | Bought a potion of heal wounds for 50 gold pieces
 32797 | Bazaar   | Bought a potion of curing for 30 gold pieces
 32817 | Bazaar   | Found Veffadytu's Armour Shop.
 32817 | Bazaar   | Found Aharphen's Antique Weapon Boutique.
 32857 | Bazaar   | Found Giaraape's Magic Scroll Boutique.
 32905 | Bazaar   | Bought a scroll of teleportation for 36 gold pieces
 32905 | Bazaar   | Bought a scroll of teleportation for 36 gold pieces
 32905 | Bazaar   | Bought a scroll of blinking for 90 gold pieces
 32905 | Bazaar   | Bought a scroll of teleportation for 36 gold pieces
 32905 | Bazaar   | Bought a scroll of enchant weapon for 90 gold pieces
 32923 | Bazaar   | Bought a potion of berserk rage for 50 gold pieces
 32923 | Bazaar   | Bought a potion of mutation for 80 gold pieces
 33276 | Shoals:4 | Reached skill level 10 in Evocations
 33314 | Shoals:4 | Received a gift from Okawaru
 33618 | Shoals:4 | Reached skill level 16 in Fighting
 33782 | Shoals:4 | Got a barnacled rune of Zot
 34310 | Spider:1 | Entered Level 1 of the Spider Nest
 34538 | Spider:1 | Reached XP level 20. HP: 131/131 MP: 26/26
 34552 | Spider:1 | Received a gift from Okawaru
 34564 | Spider:1 | Reached skill level 1 in Long Blades
 34564 | Spider:1 | Reached skill level 1 in Axes
 35660 | Spider:2 | Noticed Arachne
 35694 | Spider:2 | Killed Arachne
 36017 | Spider:2 | Received a gift from Okawaru
 36471 | Spider:3 | Noticed Azrael
 36520 | Spider:2 | Killed Azrael
 36597 | Spider:3 | Reached skill level 5 in Long Blades
 36597 | Spider:3 | Reached skill level 5 in Axes
 36619 | Spider:3 | Received a gift from Okawaru
 37015 | Spider:3 | Noticed Kirke
 37041 | Spider:3 | Killed Kirke
 37269 | Spider:4 | Entered Level 4 of the Spider Nest
 37294 | Spider:4 | Found a frozen archway.
 37330 | IceCv    | Entered an ice cave
 38501 | Spider:4 | Received a gift from Okawaru
 38584 | Spider:4 | Reached XP level 21. HP: 126/136 MP: 23/27
 38658 | Spider:4 | Received a gift from Okawaru
 39123 | Spider:4 | Got a gossamer rune of Zot
 39451 | Vaults:1 | Entered Level 1 of the Vaults
 39684 | D:10     | Bought a scroll of enchant weapon for 97 gold pieces
 39684 | D:10     | Bought a scroll of teleportation for 39 gold pieces
 39684 | D:10     | Bought a scroll of teleportation for 39 gold pieces
 39684 | D:10     | Bought a scroll of acquirement for 676 gold pieces
 39684 | D:10     | Bought a scroll of teleportation for 39 gold pieces
 39685 | D:10     | Acquired 1062 gold pieces
 39772 | D:11     | Bought a scroll labelled JAEPIM IRET for 38 gold pieces
 39772 | D:11     | Bought 2 potions of might for 304 gold pieces
 40300 | Vaults:1 | Received a gift from Okawaru
 40403 | Vaults:1 | You are sucked into a shaft and drop 1 floor!
 40512 | Vaults:2 | Received a gift from Okawaru
 40528 | Vaults:2 | Reached skill level 10 in Axes
 40536 | Vaults:2 | Reached skill level 10 in Long Blades
 40634 | Vaults:2 | Received a gift from Okawaru
 41244 | Vaults:2 | Found a staircase to the Crypt.
 41505 | Vaults:2 | Noticed Asterion
 41542 | Vaults:2 | Killed Asterion
 41542 | Vaults:2 | Identified the +2 robe of the Untouchables {rPois Will+++
                  | Str-4 Dex+3} (Okawaru gifted it to you on level 2 of the
                  | Vaults)
 41542 | Vaults:2 | Received a gift from Okawaru
 41884 | Vaults:2 | Reached XP level 22. HP: 140/142 MP: 28/28
 41970 | Vaults:2 | Noticed Donald
 42000 | Vaults:2 | Killed Donald
 43187 | Vaults:3 | Received a gift from Okawaru
 43524 | Vaults:3 | Received a gift from Okawaru
 43686 | Vaults:3 | Noticed a golden dragon
 43745 | Vaults:3 | Killed a golden dragon
 43841 | Vaults:3 | You are sucked into a shaft and drop 1 floor!
 43947 | Vaults:4 | Found Nexag's Antique Weapon Boutique.
 44196 | Vaults:4 | Received a gift from Okawaru
 44233 | Vaults:4 | Received a gift from Okawaru
 44412 | Vaults:3 | Cast into level 2 of the Abyss (a wizard)
 44638 | Vaults:3 | Escaped the Abyss
 44939 | Vaults:3 | Received a gift from Okawaru
 44940 | Vaults:3 | Reached XP level 23. HP: 147/148 MP: 29/29
 45098 | Vaults:3 | Identified the +0 leather armour of Viaddegu {Str+2 Int+4}
 45310 | Vaults:3 | Identified the +1 crystal plate armour "Cahevobu" {Str+2}
                  | (Okawaru gifted it to you on level 3 of the Vaults)
 45310 | Vaults:3 | Received a gift from Okawaru
 45460 | Vaults:3 | Found Wocoanle's Weapon Emporium.
 45917 | Vaults:4 | Noticed Xtahua
 45947 | Vaults:4 | Killed Xtahua
 45992 | Vaults:4 | Reached skill level 17 in Fighting
 46695 | Vaults:5 | Entered Level 5 of the Vaults
 46714 | Vaults:5 | Reached skill level 18 in Fighting
 46746 | Vaults:5 | Noticed a dread lich
 46760 | Vaults:4 | Paralysed by a dread lich for 7 turns
 46775 | Vaults:4 | Paralysed by a dread lich for 3 turns
 46784 | Vaults:4 | Killed a dread lich
 46785 | Vaults:4 | Reached skill level 19 in Fighting
 46918 | Vaults:4 | Received a gift from Okawaru
 47368 | Vaults:4 | Received a gift from Okawaru
 47533 | Vaults:4 | Reached XP level 24. HP: 152/160 MP: 29/29
 47576 | Vaults:5 | Reached skill level 15 in Dodging
 47635 | Vaults:5 | Noticed an ancient lich
 47646 | Vaults:5 | Killed an ancient lich
 47646 | Vaults:5 | Received a gift from Okawaru
 47655 | Vaults:5 | Received a gift from Okawaru
 48300 | Vaults:5 | Identified the +7 falchion of Unaviumu {vorpal, +Inv rF+
                  | Str+3 Dex+2} (Okawaru gifted it to you on level 5 of the
                  | Vaults)
 48300 | Vaults:5 | Received a gift from Okawaru
 48504 | Vaults:5 | Identified the +0 pair of gloves of the Past {rC+ SInv}
 48511 | Vaults:5 | Identified Lamoug's Guide on the Rocks
 48541 | Vaults:5 | Identified the +4 ring mail "Limibuck" {Str+3 Dex+4 SInv}
 48926 | Vaults:5 | Got a silver rune of Zot
 49030 | Vaults:5 | Found Momom's Magic Scroll Shoppe.
 49032 | Vaults:5 | Found Ryis's Magic Scroll Boutique.
 49036 | Vaults:5 | Bought a scroll of blinking for 135 gold pieces
 49036 | Vaults:5 | Bought a scroll of teleportation for 54 gold pieces
 49036 | Vaults:5 | Bought a scroll of teleportation for 54 gold pieces
 49036 | Vaults:5 | Bought a scroll of teleportation for 54 gold pieces
 49043 | Vaults:5 | Bought a scroll of fear for 80 gold pieces
 49043 | Vaults:5 | Bought a scroll of enchant armour for 172 gold pieces
 49043 | Vaults:5 | Bought a scroll of enchant weapon for 172 gold pieces
 49043 | Vaults:5 | Bought a scroll of teleportation for 69 gold pieces
 49043 | Vaults:5 | Bought a scroll of fog for 46 gold pieces
 49184 | Vaults:5 | Identified the +2 cloak "Qutiath" {Harm Int+10 Dex-5
                  | Slay+3}
 49871 | Lair:1   | Acquired a manual of Fighting
 50209 | Depths:3 | Paralysed by a sphinx for 5 turns
 50604 | Elf:1    | Entered Level 1 of the Elven Halls
 51275 | Elf:1    | Identified the +7 morningstar of Jarax {freeze, *Rage +Inv
                  | rC+ rN++}
 51351 | Elf:1    | Identified the +13 plate armour of Duty {Stlth+}
 51550 | Elf:1    | Received a gift from Okawaru
 52038 | Elf:2    | Reached XP level 25. HP: 165/165 MP: 29/29
 52309 | Elf:2    | Reached skill level 15 in Axes
 52626 | Elf:2    | Found a huge runed translucent gate.
 52626 | Elf:2    | Found a huge runed translucent gate.
 52626 | Elf:2    | Found a huge runed translucent gate.
 52626 | Elf:2    | Found a huge runed translucent gate.
 52632 | Elf:2    | Found a huge runed translucent gate.
 52736 | Elf:2    | Received a gift from Okawaru
 53164 | Elf:3    | Entered Level 3 of the Elven Halls
 53199 | Elf:3    | Found the +10 Black Knight's barding {ponderous, rPois rN+}
 53213 | Elf:3    | Identified the ring "Yntidgha" {*Drain rCorr Int+5 Stlth+}
 53216 | Elf:3    | Received a gift from Okawaru
 53276 | Elf:3    | Received a gift from Okawaru
 53330 | Elf:3    | Received a gift from Okawaru
 53686 | Elf:3    | Identified the +7 scythe of Ogalezxogo {pain, rPois Int+7
                  | Dex-4 SInv}
 53752 | Elf:3    | Identified the amulet "Siem" {Reflect rF+++ rC+ Str+5
                  | Slay-5 SH+5}
 53810 | Elf:3    | Identified the +4 long sword "Riblyr" {drain, Dex+2}
 53830 | Elf:3    | Identified the +0 chain mail of Hangman {Str-3 Dex+7}
 55075 | Crypt:1  | Entered Level 1 of the Crypt
 55257 | Crypt:1  | Reached XP level 26. HP: 90/173 MP: 29/29
 55315 | Crypt:1  | Reached skill level 20 in Fighting
 55416 | Crypt:1  | Received a gift from Okawaru
 55858 | Crypt:1  | Identified the +5 scale mail "Kourenui" {rPois Regen+
                  | Int+4}
 56125 | Crypt:2  | Received a gift from Okawaru
 56525 | Crypt:2  | Identified the +4 leather armour "Daphah" {Str+3 Int+3}
 56694 | Crypt:2  | Identified the +10 halberd of Beakerch {drain, rF+}
 56749 | Crypt:3  | Entered Level 3 of the Crypt
 56793 | Crypt:3  | Found a staircase to the Tomb.
 56893 | Crypt:3  | Identified the +0 scale mail "Kyaplav" {rC+ Dex+2} (Okawaru
                  | gifted it to you on level 3 of the Crypt)
 56893 | Crypt:3  | Received a gift from Okawaru
 57535 | Crypt:3  | Reached skill level 10 in Invocations
 57556 | Crypt:3  | Noticed an ancient lich
 57567 | Crypt:3  | Killed an ancient lich
 57593 | Crypt:3  | Found a basalt altar of Yredelemnul.
 57660 | Crypt:3  | Noticed a dread lich
 57827 | Crypt:3  | Reached skill level 21 in Fighting
 57840 | Crypt:3  | Killed a dread lich
 57859 | Crypt:3  | Identified Sif Muna's Grimoire of Gliding Poisoning
 57864 | Crypt:3  | Identified the ring of Pragmatism {rN+ Stlth+}
 57864 | Crypt:3  | Identified the amulet of Koamai {*Slow Will+ Regen+ Dex+6}
 57864 | Crypt:3  | Identified the ring of Cetimoh {*Slow rF+ rC+ rN+ Str+5}
 57870 | Crypt:3  | Identified the ring "Beukh" {Fire Will+ Str+4 Dex-3 Stlth+}
 57916 | Tomb:1   | Entered Level 1 of the Tomb of the Ancients
 58023 | Tomb:1   | Paralysed by a sphinx for 3 turns
 58162 | Tomb:1   | Noticed a royal mummy
 58176 | Tomb:1   | Killed a royal mummy
 58332 | Tomb:1   | Received a gift from Okawaru
 58521 | Tomb:1   | Paralysed by a sphinx for 4 turns
 58529 | Tomb:1   | Reached XP level 27. HP: 151/183 MP: 31/31
 58650 | Tomb:1   | Noticed a royal mummy
 58676 | Tomb:1   | Killed a royal mummy
 58676 | Tomb:1   | Received a gift from Okawaru
 59478 | Depths:2 | Found a gateway to a ziggurat.
 60262 | Depths:3 | Noticed Aizul
 60274 | Depths:3 | Killed Aizul
 60290 | Depths:3 | Reached skill level 22 in Fighting
 60349 | Depths:3 | Identified the +2 pair of gloves "Datud" {+Blink Str+2}
                  | (Okawaru gifted it to you on level 3 of the Depths)
 60349 | Depths:3 | Received a gift from Okawaru
 60612 | Depths:3 | Found Zonid's Armour Boutique.
 60616 | Depths:3 | Found Losafeo's Book Boutique.
 60616 | Depths:3 | Found Ticos's Book Shop.
 60619 | Depths:3 | Found Suexeit's Weapon Shop.
 60638 | Depths:3 | Bought a manual of Fighting for 1545 gold pieces
 60638 | Depths:3 | Bought a Necronomicon for 1545 gold pieces
 60647 | Depths:3 | Noticed the Enchantress
 60712 | Depths:3 | Killed the Enchantress
 61033 | Depths:3 | Noticed Boris
 61041 | Depths:3 | Killed Boris
 62008 | Depths:4 | Identified the +0 pair of boots of Resourcefulness {Str+4}
                  | (Okawaru gifted it to you on level 4 of the Depths)
 62008 | Depths:4 | Received a gift from Okawaru
 62751 | Depths:5 | Entered Level 5 of the Depths
 62822 | Depths:5 | Noticed Margery
 62842 | Depths:5 | Killed Margery
 62857 | Depths:5 | Reached skill level 23 in Fighting
 62908 | Depths:5 | Found Raelopti's Weapon Shoppe.
 62923 | Depths:5 | Found Gups's Magic Scroll Emporium.
 63053 | Depths:5 | Found Cuet's Magic Scroll Shop.
 63061 | Depths:5 | Bought a scroll of blinking for 142 gold pieces
 63063 | Depths:5 | Upgraded the game from 0.27-a0-773-gaaee5cf45b to
                  | 0.27-a0-789-g6bb3289e1e
 63072 | Depths:5 | Noticed a juggernaut
 63087 | Depths:5 | Killed a juggernaut
 63305 | Depths:5 | Found a gate to the Realm of Zot.
 63380 | Depths:5 | Found Sazaefos's Armour Shoppe.
 63385 | Depths:5 | Noticed Jory
 63387 | Depths:5 | Found Enlext's Weapon Shoppe.
 63408 | Depths:5 | Killed Jory
 63909 | Zot:1    | Entered Level 1 of the Realm of Zot
 63917 | Zot:1    | Reached skill level 24 in Fighting
 64289 | Zot:1    | Received a gift from Okawaru
 64431 | Zot:1    | Reached skill level 15 in Invocations
 64556 | Zot:1    | Received a gift from Okawaru
 65028 | Zot:1    | Identified the +7 whip of Lies {venom, rPois rF- rC+ Will+}
 65140 | Zot:2    | Reached skill level 25 in Fighting
 65200 | Zot:2    | Received a gift from Okawaru
 65884 | Zot:2    | Identified the +2 scale mail of the Blue Moon {rPois rF-
                  | rC- rCorr}
 65999 | Zot:2    | Identified the +9 spear "Touwish" {elec, rF+ Will+ Int+4}
 66573 | Zot:3    | Found a transporter.
 66611 | Zot:3    | Found a transporter.
 66922 | Zot:3    | Received a gift from Okawaru
 67235 | Zot:3    | Received a gift from Okawaru
 67277 | Zot:3    | Identified the Guide on Gliding Changing
 67896 | Zot:4    | Found a white marble altar of Elyvilon.
 68291 | Zot:5    | Entered Level 5 of the Realm of Zot
 68934 | Zot:5    | Noticed an orb of fire
 68935 | Zot:5    | Noticed an orb of fire
 68940 | Zot:5    | Noticed an orb of fire
 68941 | Zot:5    | Noticed an orb of fire
 68943 | Zot:5    | Noticed an orb of fire
 68944 | Zot:5    | Noticed an orb of fire
 68957 | Zot:5    | Noticed an orb of fire
 68957 | Zot:5    | Killed an orb of fire
 68957 | Zot:5    | Received a gift from Okawaru
 68963 | Zot:5    | Noticed an orb of fire
 68968 | Zot:5    | Killed an orb of fire
 68978 | Zot:5    | Killed an orb of fire
 68988 | Zot:5    | Gained mutation: Your magical capacity is low. (-10% MP)
                  | [an orb of fire]
 68991 | Zot:5    | Killed an orb of fire
 68998 | Zot:5    | Killed an orb of fire
 68998 | Zot:5    | Noticed an orb of fire
 69007 | Zot:5    | Killed an orb of fire
 69021 | Zot:5    | Killed an orb of fire
 69033 | Zot:5    | Killed an orb of fire
 69034 | Zot:5    | Reached skill level 26 in Fighting
 69046 | Zot:5    | Killed an orb of fire
 69107 | Zot:5    | Identified the +6 war axe of Salt {venom, *Noise rElec
                  | Str+2 SInv} (Okawaru gifted it to you on level 5 of the
                  | Realm of Zot)
 69107 | Zot:5    | Received a gift from Okawaru
 69550 | Zot:5    | Received a gift from Okawaru
 70818 | Lair:1   | Lost mutation: Your magical capacity is low. (-10% MP)
                  | [potion of mutation]
 70818 | Lair:1   | Gained mutation: You are weak. (Str -2) [potion of
                  | mutation]
 70818 | Lair:1   | Gained mutation: Armour fits poorly on your strangely
                  | shaped body. [potion of mutation]
 70818 | Lair:1   | Gained mutation: Your spells are a little harder to cast,
                  | but a little more powerful. [potion of mutation]
 70819 | Lair:1   | Lost mutation: Your spells are a little harder to cast, but
                  | a little more powerful. [potion of mutation]
 70819 | Lair:1   | Lost mutation: Armour fits poorly on your strangely shaped
                  | body. [potion of mutation]
 70819 | Lair:1   | Lost mutation: You are weak. (Str -2) [potion of mutation]
 70819 | Lair:1   | Gained mutation: You are strong-willed. (Will+) [potion of
                  | mutation]
 70819 | Lair:1   | Gained mutation: You are highly strong-willed. (Will++)
                  | [potion of mutation]
 70819 | Lair:1   | Gained mutation: You are clumsy. (Dex -2) [potion of
                  | mutation]
 70819 | Lair:1   | Gained mutation: You expend magic power (3 MP) to
                  | strengthen your wands. [potion of mutation]
 70820 | Lair:1   | Lost mutation: You expend magic power (3 MP) to strengthen
                  | your wands. [potion of mutation]
 70820 | Lair:1   | Lost mutation: You are clumsy. (Dex -2) [potion of
                  | mutation]
 70820 | Lair:1   | Gained mutation: You are frail. (-10% HP) [potion of
                  | mutation]
 70820 | Lair:1   | Gained mutation: You are dopey. (Int -2) [potion of
                  | mutation]
 70820 | Lair:1   | Gained mutation: You are partially covered in thin metallic
                  | scales. (AC +2) [potion of mutation]
 70821 | Lair:1   | Lost mutation: You are frail. (-10% HP) [potion of
                  | mutation]
 70821 | Lair:1   | Lost mutation: You are highly strong-willed. (Will++)
                  | [potion of mutation]
 70821 | Lair:1   | Lost mutation: You are dopey. (Int -2) [potion of mutation]
 70821 | Lair:1   | Gained mutation: You have sharp toenails. [potion of
                  | mutation]
 70993 | Depths:1 | Voluntarily entered the Abyss.
 71511 | Abyss:3  | Found a corrupted altar of Lugonu.
 71670 | Abyss:3  | Paralysed by accursed screaming for 1 turns
 71769 | Abyss:3  | Received a gift from Okawaru
 71869 | Abyss:3  | Identified the +1 kite shield of Okawaru's Approval {+Fly
                  | rElec Str-4 Dex+6} (Okawaru gifted it to you on level 3 of
                  | the Abyss)
 71869 | Abyss:3  | Received a gift from Okawaru
 71988 | Abyss:3  | Paralysed by accursed screaming for 1 turns
 72090 | Abyss:3  | Noticed an ancient lich
 72099 | Abyss:3  | Killed an ancient lich
 72245 | Abyss:4  | Found a corrupted altar of Lugonu.
 72258 | Abyss:4  | Found a corrupted altar of Lugonu.
 72405 | Abyss:4  | Found a corrupted altar of Lugonu.
 72516 | Abyss:4  | Paralysed by accursed screaming for 1 turns
 72535 | Abyss:4  | Found a corrupted altar of Lugonu.
 72541 | Abyss:4  | Got an abyssal rune of Zot
 72552 | Depths:1 | Escaped the Abyss
 72626 | Hell     | Entered the Vestibule of Hell
 72626 | Hell     | Noticed Geryon
 72642 | Hell     | Noticed Murray
 72661 | Hell     | Killed Murray
 72681 | Hell     | Killed Geryon
 72805 | Hell     | Found a gateway to the ashen valley of Gehenna.
 72895 | Hell     | Received a gift from Okawaru
 73179 | Hell     | Found a gateway to the Iron City of Dis.
 73296 | Hell     | Found a gateway to the freezing wastes of Cocytus.
 73501 | Hell     | Found a gateway to the decaying netherworld of Tartarus.
 73977 | Temple   | Fell from the grace of Okawaru
 73977 | Temple   | Became a worshipper of the Shining One
 74347 | Dis:1    | Entered Level 1 of the Iron City of Dis
 74457 | Dis:1    | Reached * piety under the Shining One
 74578 | Dis:1    | Reached ** piety under the Shining One
 74707 | Dis:1    | Reached *** piety under the Shining One
 74823 | Dis:1    | Reached **** piety under the Shining One
 75272 | Dis:2    | Reached ***** piety under the Shining One
 75560 | Dis:2    | Reached skill level 27 in Fighting
 75632 | Dis:2    | Reached ****** piety under the Shining One
 78800 | Dis:5    | Was forgiven by Okawaru
 79506 | Dis:6    | Found a huge runed gate.
 79506 | Dis:6    | Found a huge runed gate.
 79506 | Dis:6    | Found a huge runed gate.
 79506 | Dis:6    | Found a huge runed gate.
 79506 | Dis:6    | Found a huge runed gate.
 79506 | Dis:6    | Found a huge runed gate.
 79528 | Dis:6    | Found a huge runed gate.
 79528 | Dis:6    | Found a huge runed gate.
 79528 | Dis:6    | Found a huge runed gate.
 79528 | Dis:6    | Found a huge runed gate.
 79529 | Dis:6    | Found a huge runed gate.
 79530 | Dis:6    | Found a huge runed gate.
 79531 | Dis:6    | Found a huge runed gate.
 79532 | Dis:6    | Found a huge runed gate.
 79906 | Dis:6    | Found a huge runed gate.
 79906 | Dis:6    | Found a huge runed gate.
 79906 | Dis:6    | Found a huge runed gate.
 79906 | Dis:6    | Found a huge runed gate.
 79906 | Dis:6    | Found a huge runed gate.
 79906 | Dis:6    | Found a huge runed gate.
 79906 | Dis:6    | Found a huge runed gate.
 79906 | Dis:6    | Found a huge runed gate.
 79906 | Dis:6    | Found a huge runed gate.
 79906 | Dis:6    | Found a huge runed gate.
 79912 | Dis:6    | Found a huge runed gate.
 79912 | Dis:6    | Found a huge runed gate.
 79912 | Dis:6    | Found a huge runed gate.
 79912 | Dis:6    | Found a huge runed gate.
 79912 | Dis:6    | Found a huge runed gate.
 79912 | Dis:6    | Found a huge runed gate.
 79913 | Dis:6    | Found a huge runed gate.
 79914 | Dis:6    | Found a huge runed gate.
 79915 | Dis:6    | Found a huge runed gate.
 80389 | Dis:6    | Identified a +9 broad axe of holy wrath (a +9 broad axe of
                  | freezing blessed by the Shining One)
 80389 | Dis:6    | Received a gift from the Shining One
 80421 | Dis:7    | Entered Level 7 of the Iron City of Dis
 80880 | Dis:7    | Reached skill level 1 in Stealth
 81416 | Dis:7    | Reached skill level 5 in Stealth
 81484 | Dis:7    | Gained mutation: You are weak. (Str -2) [a cacodemon]
 82513 | Dis:7    | Found the +4 staff of Dispater
 82513 | Dis:7    | Noticed Dispater
 82541 | Dis:7    | Killed Dispater
 82557 | Dis:7    | Killed from afar by a Hell Sentinel

Illustrated notes

Levels and vault maps discovered:
D:1:      psy_arrival_radial01, layout_basic, moated_statue,
          minmay_misc_feat_enclosed, minmay_lizard_pond
D:2:      layout_basic, old_standard_altar, serial_glass, glass_columns_a,
          glass_columns_a, glass_columns_c, glass_columns_c,
          minmay_divided_ellipse, uniq_robin
D:3:      gammafunk_wand_slinger, layout_basic, lemuel_angel_altar, uniq_ijyb,
          uniq_terence, uniq_jessica
D:4:      layout_rooms, temple_hall, serial_bayou, serial_bayou_pond_c,
          serial_bayou_pond_b, serial_bayou_shore_b, serial_bayou_pond_b,
          vehumet_altar_wand_db
D:5:      layout_rooms, uniq_duvessa
D:6:      layout_loops_corners, serial_rivers, chequers_serial_rivers_micro_c,
          chequers_serial_rivers_marsh, chequers_serial_rivers_room_b,
          chequers_serial_rivers_micro_c, chequers_serial_rivers_micro_c,
          gup_sewer_entry_bubbles, grunt_dithmenos_smoke_and_mirrors,
          uniq_crazy_yiuf_cottage, uniq_edmund
D:7:      layout_layer_cave
D:8:      layout_rooms, serial_shops, nicolae_shop_competitors_out_of_business,
          shop, shop_fountains, hellmonk_ghost_happy_afterlife,
          lemuel_mausoleum_altar_yredelemnul, uniq_pikel
D:9:      layout_stronghold, grunt_temple_overflow_open, bloody_trog,
          serial_shops, shop, basic_altar, kennysheep_generic_room_16,
          uniq_erolcha
D:10:     layout_roguey, kennysheep_orc_monster_closet_entryway, serial_shops,
          shop, kennysheep_little_box, shop_scrolls, kennysheep_mini_moat,
          minmay_shop_damaged, nicolae_sextant, minmay_statue_crystal_thing,
          uniq_fannar
D:11:     layout_cave_pods, dpeg_oklobed_lair, serial_shops, kennysheep_mini,
          nicolae_shop_stone, shop, basic_altar, kennysheep_just_a_vault
D:12:     layout_small_grid, uniq_nessos, uniq_nergalle
D:13:     layout_loops_ring, gauntlet_entry_generic, serial_shops,
          bzr_entry_safe, minmay_misc_feat_encased, uniq_snorg
D:14:     kennysheep_bubble_arena, layout_loops_cross, david_vaults_1,
          grunt_decor_fettered
D:15:     gammafunk_depths_entry_grave, layout_gridville, fedhas_altar_2,
          basic_altar, chequers_decorated_corner, serial_bayou_crossing
Temple:   minmay_crystal_spiral_temple
Lair:1:   layout_long_grid, infiniplex_staircase_pool_2,
          minmay_lair_oklob_chamber, lemuel_fruit_tree, grunt_megastairs_2
Lair:2:   layout_chaotic_city, dummy_spider_entry, dpeg_stationary_puzzle
Lair:3:   layout_regular_city, enter_volcano_3, beast_lair_carwin_5,
          serial_bayou_shore_a, infiniplex_staircase_pool
Lair:4:   layout_cave_shapes, minmay_shoals_entry_hut, lemuel_fruit_fields
Lair:5:   layout_regular_city, minivault_19, nicolae_quartered_pool_little,
          hibernation_bobbens, grunt_megastairs_3
Lair:6:   minmay_lair_end_enchanted_forest, layout_long_grid, slime_altar_1,
          lemuel_fruit_fields, grunt_megastairs_5, lemuel_fruit_fields
Shoals:1: layout_shoals
Shoals:2: layout_shoals, hangedman_shoals_cup_caves
Shoals:3: layout_shoals, uniq_polyphemus, uniq_ilsuiw, uniq_mara
Shoals:4: shoals_end_simple, layout_shoals, serial_shops, bzr_entry_road,
          nicolae_shoals_undead_eyrie, uniq_bai_suzhen, uniq_roxanne
Spider:1: layout_chambers
Spider:2: lemuel_spider_zombies, spiders_nest_hornet_nest, uniq_arachne
Spider:3: layout_spider_delve, hangedman_spider_tarantella_strand, uniq_azrael,
          uniq_kirke
Spider:4: floodkiller_spider_rune_tomb, special_room [special_room_bee],
          portal_ice_cave_entry_dragon, nicolae_spider_nook
Orc:1:    lemuel_ogre_cave, layout_caves, serial_shops, shop,
          gammafunk_ghost_fury_of_okawaru
Orc:2:    pubby_orc_utopia, uniq_saint_roka
Elf:1:    minmay_the_grid_octo_triangle [minmay_the_grid_octo_empty,
          minmay_the_grid_octo_prize_ultimate_mussel_roller,
          minmay_the_grid_octo_toaster], layout_loops_ring, minivault_28
Elf:2:    layout_geoelf_octagon, kilobyte_rumbling_trees
Elf:3:    minmay_elf_hall_hex, layout_geoelf_diagonals, grunt_megastairs_1
Vaults:1: v_misc_9, nicolae_vaults_specimen_jars, v_misc_15,
          nicolae_vaults_little_squares_2, v_misc_12, v_misc_30,
          nicolae_vaults_network_s, vaults_room_large_hall, v_rooms_4,
          hangedman_vaults_nodes, vaults_room_fancy_cross, vaults_room_pool,
          vaults_room_pool, nicolae_vaults_little_ls, layout_vaults_maze
Vaults:2: vaults_room_semicircle, ontoclasm_vaults_idyll,
          nicolae_vaults_statue_guard, nicolae_vaults_ninety_degrees,
          hangedman_vaults_impose, nicolae_vaults_network_quinsquares
          [nicolae_vaults_network_quincunx_subvault,
          nicolae_vaults_network_quincunx_subvault,
          nicolae_vaults_network_quincunx_subvault,
          nicolae_vaults_network_quincunx_subvault],
          minmay_crypt_entry_skeletal_spiral, hangedman_vaults_snaps,
          vaults_dpeg_hooks, vaults_dpeg_ring, layout_vaults_quadrants,
          uniq_donald, uniq_asterion
Vaults:3: vaults_room_guarded_vault, v_pattern_3,
          nicolae_vaults_border_crossing, nicolae_vaults_circle_grid_a,
          nicolae_vaults_bisected_exclaves, hangedman_vaults_stretched_pinwheel,
          ontoclasm_vaults_ligature, v_misc_27, vaults_room_boxed,
          ontoclasm_vaults_loading_screen, nicolae_vaults_yaktaur_gun_rack,
          ontoclasm_vaults_ring_small, layout_vaults_chaotic_city, serial_shops,
          nicolae_shop_stone
Vaults:4: nicolae_vaults_alarming, ontoclasm_vaults_bender, v_pattern_2,
          vaults_mumra_hexcomb, vaults_dpeg_cross, serial_ice_h,
          vaults_mumra_bighexcomb, v_misc_33, nicolae_vaults_theta,
          hangedman_vaults_maws, grunt_vaults_twisty, v_alt_pattern_4,
          v_misc_25, nicolae_vaults_shelves_hall,
          nicolae_vaults_little_squares_1, ontoclasm_vaults_fault,
          layout_vaults_big_cross, serial_shops, nicolae_shop_behind_doors,
          uniq_xtahua
Vaults:5
Crypt:1:  layout_basic, minmay_misc_feat_cross, roderic_lattice_octagonal_star,
          grunt_crypt_arrival_split
Crypt:2:  layout_misc_corridors
Crypt:3:  david_glass_crypt, layout_rooms, tomb_entry_simple_bobbens,
          lemuel_statue_altar, grunt_megastairs_4
Tomb:1
Depths:1: minmay_swirls_squares, layout_gridville, abyss_entry_glasseish,
          grunt_hell_horde, mu_enter_wizlab_6, rand_demon_pan_entry_8,
          grunt_decor_arrowhead, drop_trap, chequers_serial_rivers_room_a,
          grunt_ministairs_14, serial_bayou_pond_c, serial_bayou_shore_b
Depths:2: minmay_curly_fans, layout_gridlike, enter_ziggurat_a,
          grunt_pan_entry_zigzag, serial_rivers, chequers_serial_rivers_room_b,
          chequers_serial_rivers_large_b, chequers_serial_rivers_room_a,
          chequers_serial_rivers_room_b, chequers_serial_rivers_micro_b,
          hell_entry, okawaru_ov_weapons_minmay, uniq_nikola
Depths:3: minmay_blocking_statues, layout_cave_shapes,
          chequers_serial_rivers_micro_a, hell_entry,
          grunt_pan_entry_in_and_out, minmay_shoptagon, uniq_aizul,
          uniq_enchantress, uniq_boris
Depths:4: kennysheep_room_grid, layout_cave_pools, grunt_hell_entry_dis_old,
          abyss_entry, minmay_crystal_room
Depths:5: evilmike_zot_entry_hall, layout_gridlike, hell_entry, serial_shops,
          shop_coins, shop_scrolls, shop, nicolae_shop_waterfront,
          nicolae_shop_statue_plus, serial_bayou_shore_b, uniq_margery,
          uniq_jory
Hell
Dis:1:    layout_regular_city
Dis:2:    layout_chaotic_city
Dis:3:    layout_subdivisions, nicolae_dis_strange_trophy_room
Dis:4:    layout_chaotic_city, nicolae_dis_lava_storage_tank
Dis:5:    layout_gridville
Dis:6:    layout_regular_city, door_vault
Dis:7:    dis_st
Zot:1:    minmay_elemental_castle, layout_basic, st_single_dragon_hoard_3,
          st_stairs_4
Zot:2:    nicolae_zot_stationary_front, layout_basic
Zot:3:    gammafunk_sealed_arena, layout_onion_interference
Zot:4:    kennysheep_ambush_hall, layout_gridlike, basic_altar, st_stairs_12
Zot:5:    layout_cellular_growth

Skill      XL: |  1  2  3  4  5  6  7  8  9 10 11 12 13 14 15 16 17 18 19 20 21 22 23 24 25 26 27 |
---------------+----------------------------------------------------------------------------------+-----
Shields        | 4 5 6 7 9 12 14 15 16 17 18 24 | 24.0
Maces & Flails | 3 4 5 7 9 11 12 | 12.0
Invocations    | 4 8 10 21 | 21.3
Armour         | 5 8 10 12 13 14 15 16 17 18 24 | 24.2
Dodging        | 3 8 11 12 13 14 15 16 20 | 20.6
Fighting       | 5 8 10 12 13 14 15 16 19 21 27 | 27.0
Crossbows      | 3 6 8 9 10 | 10.0
Evocations     | 3 5 7 9 10 11 14 | 14.6
Long Blades    | 7 11 13 14 | 14.0
Axes           | 7 11 13 14 16 | 16.9
Stealth        | 9 |  9.9

Action                   |  1- 3 |  4- 6 |  7- 9 | 10-12 | 13-15 | 16-18 | 19-21 | 22-24 | 25-27 || total
-------------------------+-------+-------+-------+-------+-------+-------+-------+-------+-------++-------
Melee: Flail             |   101 |    76 |       |       |       |       |       |       |       ||   177
       Demon whip        |       |    80 |   448 |   784 |  1573 |  2378 |  2735 |  2020 |  2881 || 12899
       Scimitar          |       |       |       |       |       |       |    93 |    47 |  2962 ||  3102
       Broad axe         |       |       |       |       |       |       |       |       |  1244 ||  1244
 Fire: Hand crossbow     |       |       |       |       |       |       |   127 |    24 |    81 ||   232
Throw: Boomerang         |     6 |    31 |       |     2 |       |       |       |       |       ||    39
Invok: Heroism           |       |       |       |     1 |     1 |     4 |     6 |     7 |    11 ||    30
       Finesse           |       |       |       |       |     1 |     6 |     8 |     8 |    17 ||    40
       Summon Divine War |       |       |       |       |       |       |       |       |     3 ||     3
       Cleansing Flame   |       |       |       |       |       |       |       |       |     2 ||     2
       Brand Weapon With |       |       |       |       |       |       |       |       |     1 ||     1
 Abil: Evoke Flight      |       |       |       |       |     1 |       |       |       |       ||     1
       Fly               |       |       |       |       |       |     1 |     1 |       |     1 ||     3
       Stop Flying       |       |       |       |       |       |       |     1 |     1 |       ||     2
Evoke: Wand              |       |       |       |       |       |       |     1 |       |     3 ||     4
       Condenser vane    |       |       |       |       |       |       |       |     2 |     4 ||     6
       Phial of floods   |       |       |       |       |       |       |       |     1 |       ||     1
       Horn of Geryon    |       |       |       |       |       |       |       |       |     1 ||     1
  Use: Potion            |       |     1 |       |     1 |     2 |     2 |     1 |     9 |    14 ||    30
       Scroll            |       |     7 |    10 |    10 |     8 |     3 |    15 |     9 |    15 ||    77
 Stab: Petrified         |       |       |       |       |     8 |       |       |       |       ||     8
       Petrifying        |       |       |       |       |     1 |       |       |       |       ||     1
       Confused          |       |       |       |       |       |       |       |       |     1 ||     1
Armor: Scale mail        |    63 |    42 |       |       |       |       |       |    32 |   107 ||   244
       Chain mail        |       |    42 |   157 |   349 |   125 |       |       |       |       ||   673
       Ring mail         |       |       |       |       |    10 |       |       |       |       ||    10
       Plate armour      |       |       |       |       |   369 |   718 |  1346 |   805 |  2668 ||  5906
Dodge: Dodged            |    27 |    35 |    69 |   160 |   474 |   662 |  1461 |   800 |  2602 ||  6290
       Repelled          |       |     1 |     1 |     3 |    13 |    17 |    23 |    15 |    91 ||   164
Block: Kite shield       |    71 |    85 |   304 |   472 |  1109 |  1307 |  2429 |  1173 |  4452 || 11402
       Reflection        |       |       |     1 |       |       |       |       |    67 |   103 ||   171
       Rpst.: Scimitar   |       |       |       |       |       |       |    12 |     8 |   241 ||   261

Table legend: (Time is in decaauts)
 A = Elapsed time spent in this place.
 B = Non-inter-level travel time spent in this place.
 C = Inter-level travel time spent in this place.
 D = Time resting spent in this place.
 E = Time spent auto-exploring this place.
 F = Levels seen in this place.
 G = Mean time per level.
                   A        B        C        D        E       F      G
               +--------+--------+--------+--------+--------+-----+--------+
         Total |  75085 |  67424 |   7661 |   5129 |  30547 |  74 | 1014.7 |
       Dungeon |  18031 |  14354 |   3677 |   1307 |   9103 |  15 | 1202.1 |
        Temple |    304 |    142 |    162 |      0 |    126 |   1 |  304.0 |
          Lair |   6225 |   5715 |    510 |    382 |   3360 |   6 | 1037.5 |
        Shoals |   3591 |   3462 |    129 |     16 |   2029 |   4 |  897.8 |
   Spider Nest |   4130 |   3949 |    181 |    476 |   1542 |   4 | 1032.5 |
  Orcish Mines |   2858 |   2382 |    476 |     82 |    936 |   2 | 1429.0 |
   Elven Halls |   3244 |   2961 |    283 |     27 |   1464 |   3 | 1081.3 |
        Vaults |   8327 |   7733 |    594 |   1084 |   3071 |   5 | 1665.4 |
         Crypt |   2900 |   2568 |    332 |    115 |   1120 |   3 |  966.7 |
          Tomb |   1187 |   1071 |    116 |    224 |      0 |   1 | 1187.0 |
        Depths |   6130 |   5249 |    881 |    267 |   2469 |   5 | 1226.0 |
          Hell |    896 |    888 |      8 |    108 |     23 |   1 |  896.0 |
           Dis |   7587 |   7491 |     96 |    474 |   2970 |   7 | 1083.9 |
           Zot |   5189 |   4977 |    212 |    315 |   2200 |   5 | 1037.8 |
         Abyss |   1582 |   1582 |      0 |      0 |    123 |   5 |  316.4 |
        Bazaar |    370 |    370 |      0 |      0 |      3 |   2 |  185.0 |
         Sewer |    417 |    417 |      0 |     28 |      5 |   1 |  417.0 |
      Ice Cave |    224 |    224 |      0 |      0 |      0 |   1 |  224.0 |
       Volcano |    362 |    362 |      0 |      0 |      2 |   1 |  362.0 |
        Wizlab |   1203 |   1203 |      0 |    223 |      0 |   1 | 1203.0 |
      Gauntlet |    318 |    318 |      0 |      0 |      0 |   1 |  318.0 |
               +--------+--------+--------+--------+--------+-----+--------+

Top non-repeatable levels by time:
    D:11: 2194 daAuts
Vaults:4: 2155 daAuts
Vaults:2: 2125 daAuts
   Orc:2: 2048 daAuts
   Dis:7: 1940 daAuts
  Lair:1: 1885 daAuts
Vaults:3: 1869 daAuts
Depths:1: 1786 daAuts
Vaults:5: 1672 daAuts
     D:2: 1610 daAuts
    D:12: 1344 daAuts
Depths:3: 1314 daAuts
     D:6: 1279 daAuts
    D:14: 1245 daAuts
   Dis:3: 1242 daAuts
